 Dungeon Crawl Stone Soup version 0.26.1-11-gd32895ea62 (webtiles) character file.

Game seed: 15284063311324175377

77 Zeld the Conjurer (level 4, -3/35 HPs)
             Began as a Draconian Conjurer on Sept 8, 2021.
             Slain by an ice beast (10 damage)
             ... on level 2 of the Dungeon.
             The game lasted 00:04:09 (2480 turns).

Zeld the Conjurer (Draconian Conjurer)              Turns: 2480, Time: 00:04:10

Health: -3/35      AC:  5    Str:  9    XL:     4   Next: 13%
Magic:  2/8        EV: 12    Int: 19    God:
Gold:   66         SH:  0    Dex: 10    Spells: 1/8 levels left

rFire    . . .     SeeInvis .   (no weapon)
rCold    . . .     Faith    .   (no shield)
rNeg     . . .     Spirit   .   (armour unavailable)
rPois    .         Reflect  .   (helmet restricted)
rElec    .         Harm     .   (no cloak)
rCorr    .         Rampage  .   (no gloves)
Will     .....                  (no boots)
Stlth    ++........             (no amulet)
HPRegen  0.11/turn              (no ring)
MPRegen  0.11/turn              (no ring)

@: slowed, very slow
A: unfitting armour, cold-blooded, AC +5
a: no special abilities


You were on level 2 of the Dungeon.
You visited 1 branch of the dungeon, and saw 2 of its levels.

You collected 66 gold pieces.

Inventory:

Jewellery
 j - an uncursed amulet of regeneration {unknown}
Scrolls
 b - 7 scrolls of identify {unknown}
 f - a scroll of enchant armour {unknown}
 g - a scroll of teleportation {unknown}
 i - a scroll of remove curse {unknown}
Potions
 a - a potion of lignification {unknown}
 c - 2 potions of berserk rage {unknown}
 d - 2 potions of mutation {unknown}
 e - a potion of flight {unknown}
 h - a potion of magic {unknown}


   Skills:
 + Level 1.4 Fighting
 + Level 2.2 Dodging
 + Level 2.3 Stealth
 * Level 2.8 Spellcasting
 + Level 4.3 Conjurations


You had one spell level left.
You knew the following spells:

 Your Spells              Type           Power        Failure   Level
a - Magic Dart            Conj           76%          2%          1
b - Searing Ray           Conj           38%          4%          2
c - Fulminant Prism       Conj/Hex       5%           54%         4

Your spell library contained the following spells:

 Spells                   Type           Power        Failure   Level
 Dazzling Flash           Conj/Hex       20%          19%         3
 Iskenderun's Mystic Bla  Conj/Tloc      10%          54%         4


Dungeon Overview and Level Annotations

Branches:
Dungeon (2/15)

Altars:


Innate Abilities, Weirdness & Mutations

Your plain brown scales are hard. (AC +5)
You cannot fit into any form of body armour.
You are cold-blooded and may be slowed by cold attacks.


Message History

Aiming: Searing Ray (safe; 4% risk of failure)
Press: ? - help, Shift-Dir - straight line, f/p - ice beast
Aim: an ice beast (22% to evade)
The searing ray hits the ice beast.
The ice beast is lightly wounded. (Press . to maintain the ray.)
The searing ray hits the ice beast.
The ice beast is moderately wounded.
The ice beast hits you. The ice beast freezes you!
You feel yourself slow down.
The searing ray misses the ice beast.
The ice beast barely misses you.
The searing ray hits the ice beast but does no damage.
The ice beast is moderately wounded.
You finish channeling your searing ray.
You feel yourself speed up. The ice beast hits you. The ice beast freezes you!
* * * LOW HITPOINT WARNING * * *
The ice beast hits you.
* * * LOW HITPOINT WARNING * * *
The ice beast freezes you!
You feel yourself slow down.
You die...

.......................#
.................#######
..)..............#
#.####.........#.# #.#
##...#...##.# #.#
##########)# #.# #.#
##.# #.@# #Y## #. #. #.
#. #. ..


You could see an ice beast.

Vanquished Creatures
  A gnoll (D:1)
  3 adders (D:2)
  A dart slug (D:1)
  A leopard gecko (D:1)
  4 bats (D:1)
  2 giant cockroaches (D:2)
  3 goblins
  5 hobgoblins (D:1)
  7 jackals (D:1)
  5 kobolds (D:1)
  A frilled lizard (D:2)
  2 rats
35 creatures vanquished.

Notes
Turn   | Place    | Note
-------+----------+-------------------------------------------
     0 | D:1      | Zeld the Draconian Conjurer began the quest for the Orb.
     0 | D:1      | Reached XP level 1. HP: 14/14 MP: 3/3
   443 | D:1      | Reached XP level 2. HP: 22/22 MP: 3/5
   517 | D:1      | Learned a level 2 spell: Searing Ray
  1083 | D:1      | Reached skill level 1 in Fighting
  1083 | D:1      | Reached XP level 3. HP: 17/28 MP: 0/6
  2239 | D:2      | Reached XP level 4. HP: 35/35 MP: 6/8
  2244 | D:2      | Learned a level 4 spell: Fulminant Prism
  2473 | D:2      | Noticed an ice beast
  2480 | D:2      | Slain by an ice beast

Illustrated notes

Levels and vault maps discovered:
D:1:      heliophobic_arrival_battle_scene, layout_loops_corners,
          chequers_arboretum
D:2:      layout_rooms, chequers_ecumenical_altar_lobes, roderic_roman_lattice

Skill      XL: |  1  2 |
---------------+-------+-----
Dodging        | 2 |  2.2
Stealth        | 2 |  2.3
Fighting       | 1 |  1.4
Spellcasting   | |  2.8
Conjurations   | |  4.3

Action                   |  1- 3 |  4- 6 || total
-------------------------+-------+-------++-------
Melee: Unarmed           |    76 |       ||    76
       Tailslap          |     2 |       ||     2
 Cast: Magic Dart        |    65 |     5 ||    70
       Searing Ray       |     1 |     1 ||     2
Armor: Skin              |    28 |       ||    28
Dodge: Dodged            |    66 |     3 ||    69
